 Dungeon Crawl Stone Soup version 0.19.0-19-g8c6edcc (webtiles) character file.

249 mmcf the Shield-Bearer (level 6, 0/49 HPs)
             Began as a Formicid Fighter on Nov 13, 2016.
             Slain by Duvessa
             ... wielding a +0 short sword
              (7 damage)
             ... on level 4 of the Dungeon.
             The game lasted 00:03:43 (2135 turns).

mmcf the Shield-Bearer (Formicid Fighter)           Turns: 2135, Time: 00:03:44

Health: 0/49       AC: 10    Str: 21    XL:     6   Next: 34%
Magic:  0/6        EV: 11    Int:  7    God:
Gold:   101        SH: 10    Dex: 17    Spells: 0 memorised, 5 levels left

rFire  . . .     SeeInvis +     a - +0 war axe
rCold  . . .     Gourm    .     h - +0 chain mail
rNeg   + . .     Faith    .     c - +0 shield
rPois  .         Spirit   +     (helmet unavailable)
rElec  .         Reflect  .     (no cloak)
rCorr  .         Harm     .     (no gloves)
MR     .....                    u - +0 pair of boots
Stlth  ..........               b - amulet of guardian spirit
                                (no ring)
                                i - ring of positive energy

@: agile, lethally poisoned (0 -> -9)
A: permanent stasis, dig shafts and tunnels, four strong arms, antennae 3
a: Dig, Shaft Self


You were on level 4 of the Dungeon.
You were not hungry.

You visited 1 branch of the dungeon, and saw 4 of its levels.

You collected 101 gold pieces.

Inventory:

Hand Weapons
 a - a +0 war axe (weapon)
Armour
 c - a +0 shield (worn)
 h - a +0 chain mail (worn)
 u - a +0 pair of boots (worn)
Jewellery
 b - an amulet of guardian spirit (around neck)
 i - a ring of positive energy (left hand)
Wands
 q - a wand of polymorph (11/24)
 x - a wand of disintegration (14/24)
Scrolls
 e - 5 scrolls of identify {unknown}
 l - a scroll of remove curse {unknown}
 n - a scroll of teleportation {unknown}
 v - a scroll of magic mapping {unknown}
Potions
 d - a potion of might
 g - a potion of mutation {unknown}
 k - a potion of agility
 o - a potion of heal wounds
 r - a potion of flight {unknown}
 s - a potion of haste {unknown}
 w - 2 potions of magic {unknown}
Comestibles
 f - 2 bread rations
 j - 2 meat rations
 m - a beef jerky
 p - 2 royal jellies
 t - 12 chunks of flesh


   Skills:
 + Level 4.3 Fighting
 * Level 4.7 Axes
 - Level 3.2 Armour
 + Level 5.1 Shields


You had 5 spell levels left.
You didn't know any spells.

Dungeon Overview and Level Annotations

Branches:
Dungeon (4/15)
 Temple: D:4-7

Altars:
Cheibriados

Annotations:
D:4 Duvessa


Innate Abilities, Weirdness & Mutations

You are under a permanent stasis effect.
You can dig through walls and to a lower floor.
Your four strong arms can wield two-handed weapons with a shield.
You have a pair of large antennae on your head. (SInv)


Message History

Your shield prevents you from hitting Duvessa.
Duvessa is severely wounded.
* * * LOW HITPOINT WARNING * * *
You feel sick. Duvessa hits you with a short sword.
* * * LOW HITPOINT WARNING * * *
Duvessa hits you but does no damage.
It was a potion of agility.
You feel agile all of a sudden.
* * * LOW HITPOINT WARNING * * *
You feel sick. You block Duvessa's attack.
It was a potion of heal wounds.
You feel much better.
You feel sick. Duvessa hits you with a short sword!
* * * LOW HITPOINT WARNING * * *
Duvessa hits you but does no damage.
You hit Duvessa but do no damage.
Duvessa is severely wounded.
You feel sick. Duvessa hits you with a short sword.
* * * LOW HITPOINT WARNING * * *
Duvessa hits you with a short sword!
You die...

.... ......#####
....#......## .
#......... . ..
...........##$..
.......#.#......
...........# .
#.)#<.#....
#.e@........
#.##...##..# #
##....... ###...
##.. #


You could see Duvessa (berserk).

Vanquished Creatures
  The ghost of Haldmier the Slasher, an amateur HESk (D:3)
  Dowan (D:4)
  Terence (D:2)
  An orc wizard (D:3)
  An adder (D:3)
  2 dart slugs
  A leopard gecko (D:1)
  3 orcs
  6 bats
  4 giant cockroaches
  9 goblins
  3 hobgoblins (D:2)
  6 jackals (D:3)
  7 kobolds
  A ball python (D:3)
  3 frilled lizards (D:1)
  10 rats
60 creatures vanquished.

Notes
Turn   | Place    | Note
-------+----------+-------------------------------------------
     0 | D:1      | mmcf the Formicid Fighter began the quest for the Orb.
     0 | D:1      | Reached XP level 1. HP: 18/18 MP: 1/1
    57 | D:1      | Reached XP level 2. HP: 20/24 MP: 2/2
   932 | D:2      | Reached XP level 3. HP: 28/29 MP: 3/3
  1035 | D:2      | Reached skill level 4 in Shields
  1143 | D:3      | Noticed Haldmier's ghost (amateur HESk)
  1144 | D:3      | Reached XP level 4. HP: 27/36 MP: 2/4
  1235 | D:3      | Killed Haldmier's ghost
  1235 | D:3      | Reached XP level 5. HP: 19/42 MP: 2/5
  1610 | D:2      | Noticed Terence
  1629 | D:2      | Killed Terence
  1656 | D:2      | Found a snail-covered altar of Cheibriados.
  1895 | D:3      | Reached XP level 6. HP: 44/48 MP: 6/6
  1945 | D:3      | Reached skill level 5 in Shields
  2117 | D:4      | Noticed Duvessa
  2117 | D:4      | Noticed Dowan
  2129 | D:4      | Killed Dowan
  2135 | D:4      | Slain by Duvessa

Skill      XL: |  1  2  3  4  5  6 |
---------------+-------------------+-----
Axes           | 3 4 |  4.7
Shields        | 4 5 |  5.1
Fighting       | 4 |  4.3
Armour         | |  3.2

Action                   |  1- 3 |  4- 6 || total
-------------------------+-------+-------++-------
Melee: War axe           |   115 |   100 ||   215
  Use: Potion            |       |     2 ||     2
  Eat: Chunk             |     1 |     3 ||     4
Armor: Scale mail        |     5 |       ||     5
       Chain mail        |    46 |    60 ||   106
       Skin              |       |     3 ||     3
Dodge: Dodged            |    26 |    19 ||    45
Block: Shield            |    59 |    55 ||   114
